AoeStats
← ALIKOG_IR

Arena

509188905Analyzed
3v3 RM · 6d ago on Sep 25, 2026· 60m 44s· 6 players
Game mode
Random Map
Map size
Normal (6 player)
Population
200
Speed
Normal
Resources
Standard
Victory
Conquest
Starting age
Dark Age
Ending age
Imperial Age
RankedLock teamsTeams togetherTeam positionsShared explorationLock speedFull tech treeHidden civsTurbo modeCheats
Victory
Defeat
🇦🇷 Byzantines · Argentina
1229
+14
🇧🇷 Slavs · Brazil
1219
+14
🇧🇷 Chinese · Brazil
1040
+22
🇸🇪 Italians · Sweden
1200
-18
🇹🇼 Vietnamese · Taiwan
1195
-17
1125
-15
Mr_S00R
0:46 Loom
12:05 Feudal Age
13:49 Wheelbarrow
13:05 Double-Bit Axe
18:08 Castle Age
18:21 Horse Collar
20:53 Heavy Plow
21:04 Bow Saw
26:56 Gold Mining
26:57 Stone Mining
28:12 Fletching
28:22 Padded Archer Armor
30:22 Gold Shaft Mining
30:23 Stone Shaft Mining
32:33 Imperial Age
29:50 Town Watch
31:33 Hand Cart
31:20 Town Patrol
31:37 Forging
31:27 Scale Mail Armor
31:23 Bodkin Arrow
31:43 Leather Archer Armor
31:45 Squires
31:30 Arson
33:35 Iron Casting
33:15 Chain Mail Armor
34:29 Two-Man Saw
34:09 Elite Chu Ko Nu
38:33 Blast Furnace
38:03 Plate Mail Armor
38:07 Bracer
38:38 Ring Archer Armor
38:46 Ring Archer Armor
40:38 Elite Fire Lancer
46:34 Chemistry
45:54 Ballistics
45:45 Fortified Wall
45:30 Murder Holes
50:55 Caravan
51:25 Coinage
53:39 Banking
ALIKOG_IR
9:57 Feudal Age
14:09 Castle Age
12:22 Double-Bit Axe
12:26 Horse Collar
15:08 Bow Saw
15:46 Heavy Plow
22:44 Loom
23:40 Wheelbarrow
22:51 Loom
28:20 Imperial Age
26:15 Gold Mining
27:19 Hand Cart
28:48 Fletching
28:58 Padded Archer Armor
29:06 Scale Barding Armor
29:12 Forging
30:13 Chemistry
29:37 Thumb Ring
28:52 Crossbowman
29:30 Bodkin Arrow
29:35 Padded Archer Armor
29:50 Logistica
30:01 Conscription
29:40 Stone Mining
31:37 Gold Shaft Mining
31:37 Stone Shaft Mining
30:33 Arbalester
32:02 Ballistics
32:27 Bracer
33:23 Leather Archer Armor
33:30 Chain Barding Armor
33:30 Pikeman
34:10 Squires
33:56 Gambesons
33:58 Arson
34:13 Scale Mail Armor
35:23 Iron Casting
35:21 Ring Archer Armor
34:53 Husbandry
35:40 Hoardings
37:12 Plate Barding Armor
37:13 Iron Casting
36:54 Chain Mail Armor
36:41 Elite Cataphract
37:46 Elite Skirmisher
38:35 Heavy Camel Rider
39:17 Halberdier
43:36 Plate Mail Armor
46:49 Two-Man Saw
46:27 Crop Rotation
46:41 Light Cavalry
48:09 Hussar
54:21 Murder Holes
57:03 Caravan
56:38 Elite Varangian Guard
Merrick
8:17 Loom
10:18 Feudal Age
15:34 Castle Age
13:18 Horse Collar
13:33 Double-Bit Axe
20:57 Bow Saw
23:20 Redemption
26:14 Stone Mining
26:29 Gold Mining
27:34 Sanctity
30:34 Imperial Age
29:15 Forging
29:49 Wheelbarrow
28:42 Pikeman
29:22 Squires
29:55 Scale Mail Armor
30:33 Iron Casting
30:45 Halberdier
32:14 Illumination
32:05 Block Printing
31:23 Man-at-Arms
33:10 Blast Furnace
32:11 Druzhina
32:32 Conscription
32:54 Chain Mail Armor
32:09 Long Swordsman
32:44 Capped Ram
32:59 Two-Handed Swordsman
36:01 Two-Man Saw
34:52 Champion
35:36 Detinets
37:44 Plate Mail Armor
38:43 Gold Shaft Mining
39:17 Illumination
40:42 Siege Ram
46:48 Scale Barding Armor
47:12 Light Cavalry
48:05 Bloodlines
47:55 Husbandry
48:39 Hussar
50:24 Chain Barding Armor
51:55 Plate Barding Armor
51:47 Heavy Plow
52:03 Hand Cart
54:15 Crop Rotation
Jason
8:18 Loom
10:57 Feudal Age
12:04 Horse Collar
12:10 Double-Bit Axe
14:01 Wheelbarrow
13:20 Gold Mining
18:46 Castle Age
19:54 Hand Cart
19:53 Bow Saw
19:37 Stone Mining
19:51 Heavy Plow
21:45 Town Watch
29:55 Bloodlines
29:46 Husbandry
30:52 Forging
30:48 Scale Barding Armor
32:04 Chatras
32:43 Iron Casting
35:03 Imperial Age
33:18 Fortified Wall
33:19 Masonry
34:44 Chain Barding Armor
36:13 Paper Money
37:34 Plate Barding Armor
36:26 Elite Battle Elephant
39:35 Two-Man Saw
40:30 Onager
46:17 Heated Shot
46:51 Ballistics
47:32 Chemistry
46:46 Fletching
46:56 Padded Archer Armor
46:20 Elite Skirmisher
47:15 Imperial Skirmisher
47:58 Bodkin Arrow
48:25 Leather Archer Armor
48:55 Bracer
Astrologist Mona Megistus
5:51 Loom
12:47 Feudal Age
13:55 Double-Bit Axe
14:12 Town Watch
14:53 Town Watch
19:27 Castle Age
17:38 Stone Mining
17:55 Gold Mining
19:20 Forging
19:16 Scale Barding Armor
19:41 Fletching
19:54 Scale Mail Armor
20:08 Padded Archer Armor
21:10 Bow Saw
27:23 Iron Casting
27:11 Chain Barding Armor
32:26 Imperial Age
30:32 Wheelbarrow
29:59 Bodkin Arrow
31:01 Husbandry
30:22 Light Cavalry
31:46 Hand Cart
31:32 Town Patrol
33:10 Ballistics
33:01 Masonry
32:49 Murder Holes
32:36 Treadmill Crane
32:30 Cavalier
33:32 Conscription
33:56 Gold Shaft Mining
34:59 Blast Furnace
34:35 Plate Barding Armor
34:24 Chivalry
34:33 Paladin
36:30 Hoardings
37:46 Chemistry
40:55 Chain Mail Armor
40:56 Leather Archer Armor
40:03 Pikeman
40:44 Squires
40:30 Arson
40:30 Gambesons
43:48 Heavy Scorpion
45:52 Plate Mail Armor
50:11 Ordonnance Companies
52:38 Devotion
Jarl
4:47 Loom
11:00 Feudal Age
13:33 Double-Bit Axe
16:03 Castle Age
14:33 Horse Collar
23:01 Heavy Plow
24:19 Bow Saw
25:04 Wheelbarrow
24:51 Stone Mining
26:23 Gold Mining
26:58 Hand Cart
28:11 Fletching
28:23 Padded Archer Armor
32:02 Imperial Age
30:49 Ballistics
30:25 Murder Holes
31:21 Bodkin Arrow
31:35 Thumb Ring
32:36 Leather Archer Armor
32:25 Squires
32:11 Arson
33:03 Conscription
33:49 Chemistry
33:27 Elite Genoese Crossbowman
34:29 Elite Skirmisher
35:12 Bracer
37:13 Ring Archer Armor
36:55 Forging
36:45 Scale Mail Armor
36:51 Scale Barding Armor
42:06 Two-Man Saw
41:40 Crop Rotation
41:46 Stone Shaft Mining
49:27 Hoardings
51:22 Iron Casting
51:03 Caravan
50:56 Pikeman
51:48 Caravan
53:11 Blast Furnace
52:26 Chain Mail Armor
54:11 Imperial Skirmisher
59:48 Chain Mail Armor
59:53 Chain Barding Armor
60:11 Coinage
Connection lost

Rejoining the realm…

Still unreachable

The connection could not be restored.

Session expired

The server has moved on; the page needs a fresh start.